 Dungeon Crawl Stone Soup version 0.30.1-11-g7821555f0a (webtiles) character file.

Game seed: 3515711412300485933

216 Almira the Shooter (level 6, -2/46 HPs)
             Began as a Human Hunter on Nov 11, 2023.
             Slain by a phantom (7 damage)
             ... on level 5 of the Dungeon.
             The game lasted 00:04:32 (838 turns).

Almira the Shooter (Human Hunter)                    Turns: 838, Time: 00:04:33

Health: -2/46      AC:  3    Str: 11    XL:     6   Next: 16%
Magic:  6/6        EV: 12    Int: 11    God:
Gold:   76         SH:  0    Dex: 17    Spells: 5/5 levels left

rFire   . . .        e - +1 dagger (venom)
rCold   . . .        (no shield)
rNeg    . . .        c - +0 leather armour
rPois   .            (no helmet)
rElec   .            (no cloak)
rCorr   .            (no gloves)
SInv    .            (no boots)
Will    .....        (no amulet)
Stlth   ++           (no ring)
HPRegen 0.27/turn    (no ring)
MPRegen 0.10/turn

%: no passive effects
@: no status effects
A: no striking features
a: no special abilities


You were on level 5 of the Dungeon.
You visited 1 branch of the dungeon, and saw 5 of its levels.

You collected 76 gold pieces.

Inventory:

Hand Weapons
 a - a +0 shortbow
 e - a +1 dagger of venom (weapon)
Armour
 c - a +0 leather armour (worn)
Scrolls
 b - a scroll of immolation
 d - a scroll of identify {unknown}
 f - a scroll of teleportation {unknown}
 g - a scroll of vulnerability {unknown}
 i - a scroll of enchant weapon {unknown}
Potions
 h - a potion of might


   Skills:
 * Level 2.6 Fighting
 * Level 1.2 Short Blades
 * Level 5.6 Ranged Weapons
 * Level 1.6 Armour
 * Level 2.4 Dodging
 * Level 2.1 Stealth


You had 5 spell levels left.
You didn't know any spells.
Your spell library was empty.

Dungeon Overview and Level Annotations

Branches:
Dungeon (5/15)
 Temple: D:4-7

Altars:
Dithmenos
Nemelex Xobeh


Message History

The phantom is severely damaged.
The phantom hits you.
You closely miss the phantom.
The phantom is severely damaged.
The phantom hits you.
You hit the phantom.
The phantom is severely damaged.
The phantom closely misses you.
You closely miss the phantom.
The phantom is severely damaged.
The phantom hits you.
The phantom blinks!
You blink.
The phantom hits you.
* * * LOW HITPOINT WARNING * * *
You hit the phantom but do no damage.
The phantom is severely damaged.
The phantom closely misses you.
Okay, then.
You hit the phantom.
The phantom is severely damaged.
The phantom hits you.
* * * LOW HITPOINT WARNING * * *
You hit the phantom.
The phantom is severely damaged.
The phantom barely misses you. The phantom attacks as you move away!
The phantom completely misses you.
You hit the phantom.
The phantom is almost destroyed.
The phantom completely misses you.
You barely miss the phantom.
The phantom is almost destroyed.
The phantom hits you!
* * * LOW HITPOINT WARNING * * *
You closely miss the phantom.
The phantom is almost destroyed.
The phantom hits you.
* * * LOW HITPOINT WARNING * * *
You hit the phantom.
The phantom is almost destroyed.
The phantom hits you!
You die...

###### ####
#....#
##...##.W..#
#.......@..#
#..........+
+..........#
#######....#
######


You could see a phantom.

Vanquished Creatures
  Eustachio (D:4)
  An orc wizard (D:3)
  2 adders
  4 orcs (D:3)
  2 endoplasms
  3 goblins
  A hobgoblin (D:2)
  A jackal (D:3)
  3 kobolds
  A quokka (D:2)
  2 ball pythons (D:1)
  A frilled lizard (D:1)
  2 rats
24 creatures vanquished.

Notes
Turn   | Place    | Note
-------+----------+-------------------------------------------
     0 | D:1      | Almira the Human Hunter began the quest for the Orb.
     0 | D:1      | Reached XP level 1. HP: 16/16 MP: 1/1
    77 | D:1      | Reached XP level 2. HP: 20/22 MP: 2/2
   213 | D:2      | Reached XP level 3. HP: 27/27 MP: 3/3
   288 | D:3      | Found a large runed translucent door.
   289 | D:3      | Found a large runed translucent door.
   309 | D:3      | Found a shadowy altar of Dithmenos.
   315 | D:3      | Found a sparkling altar of Nemelex Xobeh.
   538 | D:3      | Reached XP level 4. HP: 24/34 MP: 4/4
   630 | D:4      | Noticed Eustachio
   655 | D:4      | Killed Eustachio
   656 | D:4      | Reached skill level 1 in Short Blades
   656 | D:4      | Reached skill level 5 in Ranged Weapons
   656 | D:4      | Reached skill level 1 in Armour
   656 | D:4      | Reached XP level 5. HP: 14/39 MP: 5/5
   656 | D:4      | Reached XP level 6. HP: 17/46 MP: 6/6
   805 | D:5      | Entered Level 5 of the Dungeon
   838 | D:5      | Slain by a phantom

Illustrated notes

Levels and vault maps discovered:
D:1:      co_arrival_square_in_a_square_in_a_square, layout_loops_cross,
          basic_ecumenical_altar, kennysheep_small_spiral, nrook_loot_triangle
D:2:      layout_rooms, serial_shops, nicolae_shop_scrapyard, minmay_mini_jars
D:3:      layout_loops_cross, general_overflow_altar,
          nicolae_sif_muna_condensation, jmf_multi_god_temple2
D:4:      layout_basic, uniq_edmund, uniq_eustachio
D:5:      layout_gridville, makhleb_blood_cavern_becter

Skill      XL: |  1  2  3  4 |
---------------+-------------+-----
Short Blades   | 1 |  1.2
Ranged Weapons | 5 |  5.6
Armour         | 1 |  1.6
Stealth        | 2 |  2.1
Fighting       | |  2.6
Dodging        | |  2.4

Action                     |  1- 3 |  4- 6 || total
---------------------------+-------+-------++-------
  Melee: Dagger            |    34 |    29 ||    63
   Fire: Shortbow          |    24 |     9 ||    33
    Use: Scroll            |     1 |     1 ||     2
         Potion            |       |     1 ||     1
 Armour: Leather armour    |    12 |     4 ||    16
  Dodge: Dodged            |    18 |    11 ||    29
